PA
DELAWARE 1787 BC @ CALDWELL CHIEFS
05/21/2037
 
TOP OF THE 1ST
Delaware 1787 BC batting - Pitching for Caldwell Chiefs : RHP Juan Colón
Pitching: RHP Juan Colón
Batting: LHB David de Meij 0-0: Swinging Strike
0-1: Foul Ball, location: 2F
0-2: Foul Ball, location: 2F
0-2: Strikes out swinging
Batting: SHB John Clements 0-0: Ball
1-0: Called Strike
1-1: Fly out, F7 (Flyball, 7LS, EV 93.1 MPH)
Batting: LHB Ricardo Yates 0-0: Ball
1-0: Ball
2-0: Called Strike
2-1: SINGLE (Groundball, 4MD, EV 105.6 MPH)
Batting: LHB Tim Gonzáles 0-0: Ball
1-0: Ball
2-0: Called Strike
2-1: Foul Ball, location: 2F
2-2: Ball
3-2: Strikes out swinging
Top of the 1st over - 0 runs, 1 hit, 0 errors, 1 left on base; Delaware 0 - Caldwell 0
BOTTOM OF THE 1ST
Caldwell Chiefs batting - Pitching for Delaware 1787 BC : RHP Arthur Furber
Pitching: RHP Arthur Furber
Batting: LHB Harry Cornelis 0-0: Foul Ball, location: 2F
0-1: Ball
1-1: Foul Ball, location: 2F
1-2: Ball
2-2: Foul Ball, location: 2F
2-2: Foul Ball, location: 2F
2-2: Ball
3-2: Fly out, F9 (Flyball, 9S, EV 73.8 MPH)
Batting: RHB Josip Primorac 0-0: Ball
1-0: Called Strike
1-1: Fly out, F8 (Flyball, 78D, EV 106.9 MPH)
Batting: LHB Tillmam Cru 0-0: Ball
1-0: Called Strike
1-1: Foul Ball, location: 2F
1-2: Foul Ball, location: 2F
1-2: Foul Ball, location: 2F
1-2: Ball
2-2: Ball
3-2: SINGLE (Groundball, 6, EV 103.1 MPH) (infield hit)
Batting: RHB Chris McBride 0-0: Ball
Tillmam Cru steals 2nd base
1-0: Ball
2-0: SINGLE (Groundball, 6D, EV 105.6 MPH)
Tillmam Cru to third
Runner from 3rd tries for Home, SAFE, throw by CF to home
Chris McBride to second
Batting: RHB Daron Mack 0-0: Called Strike
0-1: Foul Ball, location: 2F
0-2: Strikes out swinging
Bottom of the 1st over - 1 run, 2 hits, 0 errors, 1 left on base; Delaware 0 - Caldwell 1
TOP OF THE 2ND
Delaware 1787 BC batting - Pitching for Caldwell Chiefs : RHP Juan Colón
Batting: LHB Ken Norris 0-0: Ball
1-0: Ball
2-0: Reached on error, E4 (Popup, 4MD, EV 69.4 MPH)
Batting: SHB Marc Cadiou 0-0: Called Strike
0-1: Called Strike
0-2: Ball
1-2: Ball
2-2: Ball
3-2: Foul Ball, location: 2F
3-2: Fly out, F9 (Flyball, 9, EV 94.4 MPH)
Batting: RHB Domingo Cabrera 0-0: Ball
1-0: Swinging Strike
1-1: Called Strike
1-2: Ball
2-2: Strikes out swinging
Batting: SHB Elvis Parker 0-0: Foul Ball, location: 2F
0-1: Foul Ball, location: 2F
0-2: Foul Ball, location: 2F
0-2: Foul Ball, location: 2F
0-2: SINGLE (Line Drive, 78S, EV 90.6 MPH)
Ken Norris to second
Batting: RHB Trevor Boele 0-0: Ball
1-0: Called Strike
1-1: Fly out, F9 (Line Drive, 9, EV 93.1 MPH)
Top of the 2nd over - 0 runs, 1 hit, 1 error, 2 left on base; Delaware 0 - Caldwell 1
BOTTOM OF THE 2ND
Caldwell Chiefs batting - Pitching for Delaware 1787 BC : RHP Arthur Furber
Batting: RHB Miguel Contreras 0-0: Foul Ball, location: 2F
0-1: Ball
1-1: Called Strike
1-2: Ball
2-2: Ball
3-2: SINGLE (Flyball, 9LM, EV 91.2 MPH)
Batting: RHB Ik-jun Cho 0-0: Ball
1-0: Ball
Wild Pitch!
Miguel Contreras to second
2-0: Foul Ball, location: 2F
2-1: 2-RUN HOME RUN (Flyball, 7LD, EV 86.9 MPH), Distance : 358 ft
Batting: RHB Junji Ito 0-0: Ball
1-0: Fly out, F3 (Popup, 3F, EV 73.1 MPH)
Batting: RHB Jacob King 0-0: Swinging Strike
0-1: SINGLE (Groundball, 6MD, EV 110.0 MPH)
Batting: LHB Harry Cornelis 0-0: Ball
1-0: Foul Ball, location: 2F
1-1: Swinging Strike
1-2: Strikes out swinging
Batting: RHB Josip Primorac 0-0: SINGLE (Groundball, 56D, EV 110.0 MPH)
Jacob King to second
Batting: LHB Tillmam Cru 0-0: Ball
1-0: Swinging Strike
1-1: Ball
2-1: Ball
3-1: Foul Ball, location: 2F
3-2: Base on Balls
Jacob King to third
Josip Primorac to second
Batting: RHB Chris McBride 0-0: Ball
1-0: Foul Ball, location: 2F
1-1: Called Strike
1-2: Ball
2-2: Foul Ball, location: 2F
2-2: Ball
3-2: Fly out, F7 (Flyball, 78S, EV 81.9 MPH)
Bottom of the 2nd over - 2 runs, 4 hits, 0 errors, 3 left on base; Delaware 0 - Caldwell 3
TOP OF THE 3RD
Delaware 1787 BC batting - Pitching for Caldwell Chiefs : RHP Juan Colón
Batting: LHB David de Meij 0-0: Swinging Strike
0-1: Foul Ball, location: 2F
0-2: Ball
1-2: Fly out, F8 (Flyball, 78D, EV 100.0 MPH)
Batting: SHB John Clements 0-0: Ball
1-0: Foul Ball, location: 2F
1-1: Foul Ball, location: 2F
1-2: Fly out, F8 (Flyball, 8RD, EV 91.9 MPH)
Batting: LHB Ricardo Yates 0-0: Swinging Strike
0-1: Swinging Strike
0-2: Foul Ball, location: 2F
0-2: Foul Ball, location: 2F
0-2: Ball
1-2: Ground out 4-3 (Groundball, 4M, EV 101.9 MPH)
Top of the 3rd over - 0 runs, 0 hits, 0 errors, 0 left on base; Delaware 0 - Caldwell 3
BOTTOM OF THE 3RD
Caldwell Chiefs batting - Pitching for Delaware 1787 BC : RHP Arthur Furber
Batting: RHB Daron Mack 0-0: Foul Ball, location: 2F
0-1: Ball
1-1: Ball
2-1: SINGLE (Flyball, 7LM, EV 104.4 MPH)
Batting: RHB Miguel Contreras 0-0: Fielders Choice at 2nd, 6-4 (Groundball, 56, EV 97.5 MPH)
Batting: RHB Ik-jun Cho 0-0: Ball
1-0: Ball
2-0: Ball
3-0: Base on Balls
Miguel Contreras to second
Batting: RHB Junji Ito 0-0: Called Strike
0-1: Ball
Miguel Contreras steals 3rd base
Ik-jun Cho to second
1-1: Ball
2-1: Ball
3-1: Base on Balls
Batting: RHB Jacob King 0-0: Reached on error, E8 (Flyball, 78M, EV 80.6 MPH)
Miguel Contreras scores
Ik-jun Cho to third
Junji Ito to second
Batting: LHB Harry Cornelis 0-0: Called Strike
0-1: Ball
1-1: Ball
2-1: Called Strike
2-2: Ball
3-2: SINGLE (Line Drive, 8RS, EV 90.0 MPH)
Ik-jun Cho scores
Junji Ito to third
Jacob King to second
Runner from 3rd tries for Home, SAFE, throw by CF to home
Pitching: RHP Boyd Brennan
Batting: RHB Josip Primorac 0-0: Called Strike
0-1: Ball
1-1: Called Strike
1-2: Reached on error, E3 (Groundball, 34, EV 108.1 MPH)
Jacob King to third
Harry Cornelis to second
Batting: LHB Tillmam Cru 0-0: Ball
1-0: Ball
2-0: Foul Ball, location: 2F
2-1: Swinging Strike
2-2: Foul Ball, location: 2F
2-2: GRAND SLAM HOME RUN (Line Drive, 78XD, EV 108.1 MPH), Distance : 441 ft
Batting: RHB Chris McBride 0-0: Ball
1-0: Called Strike
1-1: Ball
2-1: Fly out, F9 (Flyball, 89M, EV 91.2 MPH)
Batting: RHB Daron Mack 0-0: Called Strike
0-1: SINGLE (Groundball, 6MD, EV 106.2 MPH)
Batting: RHB Miguel Contreras 0-0: Called Strike
0-1: Ball
1-1: Ball
2-1: Foul Ball, location: 2F
2-2: Ball
3-2: Ground out 5-3 (Groundball, 5, EV 101.2 MPH)
Bottom of the 3rd over - 7 runs, 4 hits, 2 errors, 1 left on base; Delaware 0 - Caldwell 10
TOP OF THE 4TH
Delaware 1787 BC batting - Pitching for Caldwell Chiefs : RHP Juan Colón
Batting: LHB Tim Gonzáles 0-0: Ball
1-0: Ball
2-0: DOUBLE (Flyball, 89XD, EV 91.2 MPH)
Batting: LHB Ken Norris 0-0: Swinging Strike
0-1: Swinging Strike
0-2: Foul Ball, location: 2F
0-2: Ball
1-2: Strikes out looking
Batting: SHB Marc Cadiou 0-0: Swinging Strike
0-1: Foul Ball, location: 2F
0-2: Ball
1-2: Ball
2-2: SINGLE (Line Drive, 78S, EV 110.6 MPH)
Tim Gonzáles to third
Batting: RHB Domingo Cabrera 0-0: Reached on error, E6 (Groundball, 6, EV 106.9 MPH)
Tim Gonzáles scores
Marc Cadiou to second
Batting: SHB Elvis Parker 0-0: Ball
1-0: Called Strike
1-1: Swinging Strike
1-2: Ball
2-2: Foul Ball, location: 2F
2-2: Foul Ball, location: 2F
2-2: Strikes out swinging
Batting: RHB Trevor Boele 0-0: Fielders Choice at 2nd, U4 (Groundball, 4M, EV 77.5 MPH)
Top of the 4th over - 1 run, 2 hits, 1 error, 2 left on base; Delaware 1 - Caldwell 10
BOTTOM OF THE 4TH
Caldwell Chiefs batting - Pitching for Delaware 1787 BC : RHP Boyd Brennan
Batting: RHB Ik-jun Cho 0-0: Ball
1-0: Swinging Strike
1-1: Called Strike
1-2: Ball
2-2: Foul Ball, location: 2F
2-2: Foul Ball, location: 2F
2-2: Ball
3-2: Strikes out swinging
Batting: RHB Junji Ito 0-0: Ball
1-0: Called Strike
1-1: Ball
2-1: Foul Ball, location: 2F
2-2: Strikes out swinging
Batting: RHB Jacob King 0-0: Swinging Strike
0-1: Foul Ball, location: 2F
0-2: Strikes out swinging
Bottom of the 4th over - 0 runs, 0 hits, 0 errors, 0 left on base; Delaware 1 - Caldwell 10
TOP OF THE 5TH
Delaware 1787 BC batting - Pitching for Caldwell Chiefs : RHP Juan Colón
Batting: LHB David de Meij 0-0: Ball
1-0: Called Strike
1-1: Fly out, F6 (Popup, 56, EV 65.0 MPH)
Batting: SHB John Clements 0-0: Ball
1-0: Swinging Strike
1-1: Ball
2-1: Ball
3-1: Called Strike
3-2: Strikes out looking
Batting: LHB Ricardo Yates 0-0: Ball
1-0: Ball
2-0: Ball
3-0: Called Strike
3-1: DOUBLE (Line Drive, 9LS, EV 105.6 MPH)
Batting: LHB Tim Gonzáles 0-0: Ball
1-0: Ball
Wild Pitch!
Ricardo Yates to third
2-0: Called Strike
2-1: Swinging Strike
2-2: Fly out, F9 (Flyball, 9LM, EV 93.1 MPH)
Top of the 5th over - 0 runs, 1 hit, 0 errors, 1 left on base; Delaware 1 - Caldwell 10
BOTTOM OF THE 5TH
Caldwell Chiefs batting - Pitching for Delaware 1787 BC : RHP Boyd Brennan
Batting: LHB Harry Cornelis 0-0: Foul Ball, location: 2F
0-1: Ball
1-1: Ball
2-1: Called Strike
2-2: Fly out, F7 (Flyball, 78S, EV 89.4 MPH)
Batting: RHB Josip Primorac 0-0: Foul Ball, location: 2F
0-1: Ball
1-1: Fly out, F7 (Flyball, 7S, EV 80.0 MPH)
Batting: LHB Tillmam Cru 0-0: Ball
1-0: Swinging Strike
1-1: Called Strike
1-2: Ball
2-2: Ball
3-2: SOLO HOME RUN (Line Drive, 7D, EV 95.0 MPH), Distance : 402 ft
Batting: RHB Chris McBride 0-0: Swinging Strike
0-1: Ball
1-1: Swinging Strike
1-2: Foul Ball, location: 2F
1-2: Strikes out swinging
Bottom of the 5th over - 1 run, 1 hit, 0 errors, 0 left on base; Delaware 1 - Caldwell 11
TOP OF THE 6TH
Delaware 1787 BC batting - Pitching for Caldwell Chiefs : RHP Juan Colón
Batting: LHB Ken Norris 0-0: Called Strike
0-1: Ball
1-1: Called Strike
1-2: Foul Ball, location: 2F
1-2: Ball
2-2: Strikes out swinging
Pitching: RHP José Cervantes
Batting: SHB Marc Cadiou 0-0: Swinging Strike
0-1: Ground out 4-3 (Groundball, 4, EV 88.1 MPH)
Batting: RHB Domingo Cabrera 0-0: Ball
1-0: Ball
2-0: Foul Ball, location: 2F
2-1: Ground out 4-3 (Groundball, 4, EV 91.2 MPH)
Top of the 6th over - 0 runs, 0 hits, 0 errors, 0 left on base; Delaware 1 - Caldwell 11
BOTTOM OF THE 6TH
Caldwell Chiefs batting - Pitching for Delaware 1787 BC : RHP Boyd Brennan
Batting: RHB Daron Mack 0-0: Called Strike
0-1: Foul Ball, location: 2F
0-2: Strikes out swinging
Batting: RHB Miguel Contreras 0-0: Foul Ball, location: 2F
0-1: Ball
1-1: Ground out 6-3 (Groundball, 6, EV 76.2 MPH)
Batting: RHB Ik-jun Cho 0-0: Called Strike
0-1: Called Strike
0-2: SINGLE (Line Drive, 6MD, EV 98.8 MPH)
Batting: RHB Junji Ito 0-0: Ball
1-0: Foul Ball, location: 2F
1-1: Swinging Strike
1-2: Strikes out swinging
Bottom of the 6th over - 0 runs, 1 hit, 0 errors, 1 left on base; Delaware 1 - Caldwell 11
TOP OF THE 7TH
Delaware 1787 BC batting - Pitching for Caldwell Chiefs : RHP José Cervantes
Batting: SHB Elvis Parker 0-0: Called Strike
0-1: Ball
1-1: SINGLE (Line Drive, 9S, EV 86.2 MPH)
Batting: RHB Trevor Boele 0-0: Ball
1-0: Ball
2-0: Foul Ball, location: 2F
2-1: Reached on error, E5 (Groundball, 56S, EV 88.8 MPH)
Elvis Parker to second
Batting: LHB David de Meij 0-0: Ball
1-0: Ball
2-0: Foul Ball, location: 2F
2-1: Foul Ball, location: 2F
2-2: Strikes out swinging
Pinch Hitting: SHB Dennis Henley 0-0: Ball
1-0: Ball
2-0: Called Strike
2-1: Called Strike
2-2: Ball
3-2: Base on Balls
Elvis Parker to third
Trevor Boele to second
Batting: LHB Ricardo Yates 0-0: SINGLE (Line Drive, 56, EV 106.2 MPH)
Elvis Parker scores
Trevor Boele to third
Dennis Henley to second
Pinch Hitting: RHB Tsugahara Ota 0-0: Ball
1-0: Called Strike
1-1: Foul Ball, location: 2F
1-2: Strikes out looking
Pinch Hitting: RHB Anass Balfakir 0-0: Ball
1-0: Swinging Strike
1-1: SINGLE (Line Drive, 7S, EV 87.5 MPH)
Trevor Boele scores
Dennis Henley to third
Ricardo Yates to second
Batting: SHB Marc Cadiou 0-0: Ball
1-0: Ball
2-0: Called Strike
2-1: Ball
3-1: Fly out, F4 (Popup, 4MD, EV 63.1 MPH)
Top of the 7th over - 2 runs, 3 hits, 1 error, 3 left on base; Delaware 3 - Caldwell 11
BOTTOM OF THE 7TH
Caldwell Chiefs batting - Pitching for Delaware 1787 BC : RHP Boyd Brennan
Now at 1B: Luis González
Now in LF: Dennis Henley
Now in RF: Anass Balfakir
Batting: RHB Jacob King 0-0: Ground out 5-3 (Groundball, 5S, EV 79.4 MPH)
Batting: LHB Harry Cornelis 0-0: Ball
1-0: Ball
2-0: Foul Ball, location: 2F
2-1: Foul Ball, location: 2F
2-2: SOLO HOME RUN (Flyball, 9D, EV 103.8 MPH), Distance : 354 ft
Pitching: LHP Donald Castro
Pinch Hitting: RHB Louie Kennard 0-0: Ball
1-0: Foul Ball, location: 2F
1-1: Foul Ball, location: 2F
1-2: Foul Ball, location: 2F
1-2: Ball
2-2: Foul Ball, location: 2F
2-2: Foul Ball, location: 2F
2-2: Strikes out swinging
Pinch Hitting: LHB Miguel Román 0-0: Foul Ball, location: 2F
0-1: Foul Ball, location: 2F
0-2: Strikes out looking
Bottom of the 7th over - 1 run, 1 hit, 0 errors, 0 left on base; Delaware 3 - Caldwell 12
TOP OF THE 8TH
Delaware 1787 BC batting - Pitching for Caldwell Chiefs : RHP José Cervantes
Now at 1B: Y-Tic Amanap
Now in RF: Louie Kennard
Batting: RHB Domingo Cabrera 0-0: Called Strike
0-1: Called Strike
0-2: Ball
1-2: Ball
2-2: Strikes out looking
Batting: SHB Elvis Parker 0-0: Ball
1-0: Called Strike
1-1: Ball
2-1: Swinging Strike
2-2: Strikes out looking
Batting: RHB Trevor Boele 0-0: Called Strike
0-1: Ground out 4-3 (Groundball, 4, EV 85.6 MPH)
Top of the 8th over - 0 runs, 0 hits, 0 errors, 0 left on base; Delaware 3 - Caldwell 12
BOTTOM OF THE 8TH
Caldwell Chiefs batting - Pitching for Delaware 1787 BC : LHP Donald Castro
Batting: RHB Chris McBride 0-0: Swinging Strike
0-1: Ball
1-1: Foul Ball, location: 2F
1-2: Strikes out swinging
Batting: RHB Daron Mack 0-0: Ball
1-0: Called Strike
1-1: Fly out, F9 (Flyball, 9D, EV 98.8 MPH)
Batting: RHB Miguel Contreras 0-0: Foul Ball, location: 2F
0-1: Swinging Strike
0-2: Ball
1-2: Foul Ball, location: 2F
1-2: Ball
2-2: Ball
3-2: Strikes out looking
Bottom of the 8th over - 0 runs, 0 hits, 0 errors, 0 left on base; Delaware 3 - Caldwell 12
TOP OF THE 9TH
Delaware 1787 BC batting - Pitching for Caldwell Chiefs : RHP José Cervantes
Batting: LHB David de Meij 0-0: Ball
1-0: Called Strike
1-1: Called Strike
1-2: Ball
2-2: SINGLE (Groundball, 6MD, EV 104.4 MPH)
Batting: SHB Dennis Henley 0-0: Foul Ball, location: 2F
0-1: Foul Ball, location: 2F
0-2: Ball
1-2: Foul Ball, location: 2F
1-2: Fly out, F8 (Line Drive, 8RM, EV 93.8 MPH)
Batting: LHB Ricardo Yates 0-0: Ball
1-0: SINGLE (Groundball, 34D, EV 98.1 MPH)
David de Meij to second
Pitching: RHP Cory Jackson
Batting: LHB Luis González 0-0: Ball
1-0: Ball
2-0: Swinging Strike
2-1: Foul Ball, location: 2F
2-2: Ball
3-2: Strikes out looking
Batting: RHB Anass Balfakir 0-0: SINGLE (Line Drive, 7S, EV 85.0 MPH)
David de Meij to third
Ricardo Yates to second
Batting: SHB Marc Cadiou 0-0: Called Strike
0-1: Ball
1-1: Ball
2-1: Swinging Strike
2-2: SINGLE (Flyball, 89S, EV 91.9 MPH)
David de Meij scores
Ricardo Yates to third
Anass Balfakir to second
Batting: RHB Domingo Cabrera 0-0: SINGLE (Line Drive, 9S, EV 110.6 MPH)
Ricardo Yates scores
Anass Balfakir to third
Marc Cadiou to second
Batting: SHB Elvis Parker 0-0: Ball
1-0: Swinging Strike
1-1: Ground out U3 (Groundball, 3L, EV 106.9 MPH)
Top of the 9th over - 2 runs, 5 hits, 0 errors, 3 left on base; Delaware 5 - Caldwell 12
Thursday, January 23rd, 2020 - OOTP Baseball 20.8 Build 74